APL (24 & UNDER)
SAVANNAH HOGS @ NASHUA REDLEGS
09/13/2030
 
TOP OF THE 1ST
Savannah Hogs batting - Pitching for Nashua Redlegs : RHP Bill Murphy
Pitching: RHP Bill Murphy
Batting: SHB Ramón Minas 0-0: Called Strike
0-1: Fly out, F8 (Flyball, 78M)
Batting: RHB Gilberto Bautista 0-0: Called Strike
0-1: Ball
1-1: Foul Ball, location: 2F
1-2: Ground out 4-3 (Groundball, 34D)
Batting: RHB Melvin Matthews 0-0: Ball
1-0: SINGLE (Line Drive, 89S)
Batting: RHB Juan Morales 0-0: Ball
1-0: Called Strike
1-1: Ball
2-1: Foul Ball, location: 2F
2-2: Foul Ball, location: 2F
2-2: Foul Ball, location: 2F
2-2: Ball
3-2: Foul Ball, location: 2F
3-2: DOUBLE (Flyball, 8RXD)
Melvin Matthews to third
Melvin Matthews scores
Batting: RHB Louis Miller 0-0: Foul Ball, location: 2F
0-1: Called Strike
0-2: Ball
1-2: Ball
2-2: Strikes out swinging
Top of the 1st over - 1 run, 2 hits, 0 errors, 1 left on base; Savannah 1 - Nashua 0
BOTTOM OF THE 1ST
Nashua Redlegs batting - Pitching for Savannah Hogs : RHP Ray Reyes
Pitching: RHP Ray Reyes
Batting: LHB Peter Rodgers 0-0: Foul Ball, location: 2F
0-1: Ball
1-1: SINGLE (Groundball, 4MD)
Batting: RHB Ánibal Barrios 0-0: Ball
1-0: Foul Ball, location: 2F
1-1: Ball
2-1: Ball
3-1: Ground out 2-3 (Groundball, 15S)
Peter Rodgers to second
Batting: RHB Joe Noble 0-0: Ball
1-0: Called Strike
1-1: Ball
2-1: Foul Ball, location: 2F
2-2: DOUBLE (Flyball, 78D)
Peter Rodgers scores
Batting: RHB Katsuhito Ohayashi 0-0: Foul Ball, location: 2F
0-1: Fly out, F8 (Flyball, 8LD)
Runner from 2nd tags up, OUT at 3rd
Bottom of the 1st over - 1 run, 2 hits, 0 errors, 0 left on base; Savannah 1 - Nashua 1
TOP OF THE 2ND
Savannah Hogs batting - Pitching for Nashua Redlegs : RHP Bill Murphy
Batting: RHB José Ramos 0-0: Called Strike
0-1: Ball
1-1: Foul Ball, location: 2F
1-2: Ball
2-2: Ground out 5-3 (Groundball, 5S)
Batting: RHB Mike Russell 0-0: Ball
1-0: Foul Ball, location: 2F
1-1: Ball
2-1: Swinging Strike
2-2: Strikes out swinging
Batting: RHB Ramiro Villescaz 0-0: Ball
1-0: Foul Ball, location: 2F
1-1: Foul Ball, location: 2F
1-2: Ball
2-2: Foul Ball, location: 2F
2-2: Strikes out swinging
Top of the 2nd over - 0 runs, 0 hits, 0 errors, 0 left on base; Savannah 1 - Nashua 1
BOTTOM OF THE 2ND
Nashua Redlegs batting - Pitching for Savannah Hogs : RHP Ray Reyes
Batting: RHB Eleuterio Supardo 0-0: Ball
1-0: Ball
2-0: SINGLE (Groundball, 56) (infield hit)
Batting: LHB Alonso Carbajal 0-0: Called Strike
0-1: Ball
1-1: Fly out, F7 (Flyball, 7)
Batting: RHB Currito Campos 0-0: Called Strike
0-1: Foul Ball, location: 2F
0-2: Fly out, F9 (Flyball, 89S)
Batting: RHB Ben Byrd 0-0: Swinging Strike
0-1: Ball
1-1: Foul Ball, location: 2F
1-2: Foul Ball, location: 2F
1-2: Foul Ball, location: 2F
1-2: Foul Ball, location: 2F
1-2: Ball
2-2: Strikes out looking
Bottom of the 2nd over - 0 runs, 1 hit, 0 errors, 1 left on base; Savannah 1 - Nashua 1
TOP OF THE 3RD
Savannah Hogs batting - Pitching for Nashua Redlegs : RHP Bill Murphy
Batting: RHB Miguel Martínez 0-0: Ball
1-0: Foul Ball, location: 2F
1-1: Ball
2-1: Fly out, F8 (Flyball, 8LXD)
Batting: SHB Ramón Minas 0-0: Ball
1-0: Bunt for hit - play at first, batter safe!
Batting: RHB Gilberto Bautista 0-0: Ball
1-0: Ball
2-0: Called Strike
2-1: Fielders Choice at 2nd, 4-6 (Groundball, 34)
Batting: RHB Melvin Matthews 0-0: Ball
Gilberto Bautista steals 2nd base
1-0: 2-RUN HOME RUN (Flyball, 78XD), Distance : 412 ft
Batting: RHB Juan Morales 0-0: Called Strike
0-1: Ball
1-1: Called Strike
1-2: Ball
2-2: Strikes out swinging
Top of the 3rd over - 2 runs, 2 hits, 0 errors, 0 left on base; Savannah 3 - Nashua 1
BOTTOM OF THE 3RD
Nashua Redlegs batting - Pitching for Savannah Hogs : RHP Ray Reyes
Batting: RHB Carlos Villagrama 0-0: Called Strike
0-1: Swinging Strike
0-2: Ball
1-2: Strikes out swinging
Batting: LHB Peter Rodgers 0-0: Called Strike
0-1: Swinging Strike
0-2: Ball
1-2: Foul Ball, location: 2F
1-2: Strikes out looking
Batting: RHB Ánibal Barrios 0-0: Ball
1-0: Foul Ball, location: 2F
1-1: Ball
2-1: Swinging Strike
2-2: DOUBLE (Line Drive, 78D)
Batting: RHB Joe Noble 0-0: Ball
1-0: Ball
2-0: Ball
3-0: Called Strike
3-1: SINGLE (Line Drive, 7S)
Ánibal Barrios to third
Runner from 3rd tries for Home, SAFE, throw made home
Joe Noble to second
Batting: RHB Katsuhito Ohayashi 0-0: Swinging Strike
0-1: Ball
1-1: Foul Ball, location: 2F
1-2: Strikes out looking
Bottom of the 3rd over - 1 run, 2 hits, 0 errors, 1 left on base; Savannah 3 - Nashua 2
TOP OF THE 4TH
Savannah Hogs batting - Pitching for Nashua Redlegs : RHP Bill Murphy
Batting: RHB Louis Miller 0-0: Ball
1-0: SINGLE (Flyball, 78M)
Batting: RHB José Ramos 0-0: Ball
1-0: Foul Ball, location: 2F
1-1: Foul Ball, location: 2F
1-2: Ball
2-2: Ball
Louis Miller is caught stealing 2nd base
3-2: Foul Ball, location: 2F
3-2: DOUBLE (Flyball, 8LXD)
Batting: RHB Mike Russell 0-0: SINGLE (Flyball, 89S)
José Ramos to third
Batting: RHB Ramiro Villescaz 0-0: Called Strike
0-1: Grounds into double play, 1-6-3 (Groundball, 13)
Top of the 4th over - 0 runs, 3 hits, 0 errors, 1 left on base; Savannah 3 - Nashua 2
BOTTOM OF THE 4TH
Nashua Redlegs batting - Pitching for Savannah Hogs : RHP Ray Reyes
Batting: RHB Eleuterio Supardo 0-0: Swinging Strike
0-1: Foul Ball, location: 2F
0-2: Strikes out looking
Batting: LHB Alonso Carbajal 0-0: Called Strike
0-1: Foul Ball, location: 2F
0-2: Foul Ball, location: 2F
0-2: Ball
1-2: Fly out, F9 (Line Drive, 9)
Batting: RHB Currito Campos 0-0: Called Strike
0-1: Ball
1-1: Fly out, F7 (Flyball, 78M)
Bottom of the 4th over - 0 runs, 0 hits, 0 errors, 0 left on base; Savannah 3 - Nashua 2
TOP OF THE 5TH
Savannah Hogs batting - Pitching for Nashua Redlegs : RHP Bill Murphy
Batting: RHB Miguel Martínez 0-0: Ground out U3 (Groundball, 3)
Batting: SHB Ramón Minas 0-0: Called Strike
0-1: Bunt missed!
0-2: Fly out, F6 (Line Drive, 6)
Batting: RHB Gilberto Bautista 0-0: Bunted foul
0-1: Ball
1-1: Ground out 4-3 (Groundball, 4M)
Top of the 5th over - 0 runs, 0 hits, 0 errors, 0 left on base; Savannah 3 - Nashua 2
BOTTOM OF THE 5TH
Nashua Redlegs batting - Pitching for Savannah Hogs : RHP Ray Reyes
Batting: RHB Ben Byrd 0-0: Ball
1-0: Ball
2-0: Foul Ball, location: 2F
2-1: Ball
3-1: Called Strike
3-2: Foul Ball, location: 2F
3-2: Strikes out swinging, 2-3 out at first.
Batting: RHB Carlos Villagrama 0-0: Called Strike
0-1: Fly out, F3 (Popup, 3S)
Batting: LHB Peter Rodgers 0-0: Foul Ball, location: 2F
0-1: Ball
1-1: Foul Ball, location: 2F
1-2: Ball
2-2: DOUBLE (Line Drive, 9LM)
Batting: RHB Ánibal Barrios 0-0: Ball
1-0: Foul Ball, location: 2F
1-1: Ball
2-1: Swinging Strike
2-2: Ball
3-2: Base on Balls
Pitching: RHP Fernando Vázquez
Batting: RHB Joe Noble 0-0: Swinging Strike
0-1: Ball
1-1: Fly out, F8 (Flyball, 8LXD)
Bottom of the 5th over - 0 runs, 1 hit, 0 errors, 2 left on base; Savannah 3 - Nashua 2
TOP OF THE 6TH
Savannah Hogs batting - Pitching for Nashua Redlegs : RHP Bill Murphy
Batting: RHB Melvin Matthews 0-0: Ball
1-0: Swinging Strike
1-1: Foul Ball, location: 2F
1-2: Fly out, F4 (Popup, 34)
Batting: RHB Juan Morales 0-0: Ball
1-0: Ball
2-0: Ball
3-0: Called Strike
3-1: SINGLE (Groundball, 6MD)
Batting: RHB Louis Miller 0-0: Ball
1-0: Foul Ball, location: 2F
1-1: Foul Ball, location: 2F
1-2: Foul Ball, location: 2F
1-2: Grounds into double play, 4-6-3 (Groundball, 4)
Top of the 6th over - 0 runs, 1 hit, 0 errors, 0 left on base; Savannah 3 - Nashua 2
BOTTOM OF THE 6TH
Nashua Redlegs batting - Pitching for Savannah Hogs : RHP Fernando Vázquez
Batting: RHB Katsuhito Ohayashi 0-0: Ball
1-0: Swinging Strike
1-1: Fly out, F6 (Line Drive, 6)
Batting: RHB Eleuterio Supardo 0-0: Fly out, F7 (Flyball, 7D)
Batting: LHB Alonso Carbajal 0-0: Ball
1-0: Ball
2-0: Called Strike
2-1: Ball
3-1: Called Strike
3-2: Base on Balls
Batting: RHB Currito Campos 0-0: Ball
1-0: Called Strike
1-1: Ball
2-1: Ball
3-1: Swinging Strike
3-2: Base on Balls
Alonso Carbajal to second
Batting: RHB Ben Byrd 0-0: Ball
1-0: Ball
2-0: Ball
3-0: Called Strike
3-1: SINGLE (Groundball, 6MD)
Alonso Carbajal to third
Currito Campos to second
Runner from 3rd tries for Home, SAFE, throw made at trailing runner, OUT at third!
Bottom of the 6th over - 1 run, 1 hit, 0 errors, 1 left on base; Savannah 3 - Nashua 3
TOP OF THE 7TH
Savannah Hogs batting - Pitching for Nashua Redlegs : RHP Bill Murphy
Batting: RHB José Ramos 0-0: Called Strike
0-1: Ball
1-1: Foul Ball, location: 2F
1-2: Foul Ball, location: 2F
1-2: Ball
2-2: Foul Ball, location: 2F
2-2: SINGLE (Groundball, 56D)
Pinch Hitting: SHB Juan Chávez 0-0: Ball
1-0: Ball
2-0: Ball
3-0: Called Strike
3-1: Fielders Choice at 2nd, 4-6 (Groundball, 4D)
Batting: RHB Ramiro Villescaz 0-0: Swinging Strike
0-1: Ball
1-1: Fielders Choice at 2nd, 6-4 (Groundball, 6)
Pinch Hitting: LHB Buddy Jones 0-0: SINGLE (Line Drive, 4MD)
Ramiro Villescaz to second
Batting: SHB Ramón Minas 0-0: DOUBLE (Line Drive, 9LD)
Ramiro Villescaz scores
Buddy Jones to third
Runner from 3rd tries for Home, SAFE, no throw
Pitching: RHP Dante Piccoli
Batting: RHB Gilberto Bautista 0-0: Ball
1-0: Called Strike
1-1: Swinging Strike
1-2: Strikes out swinging
Top of the 7th over - 2 runs, 3 hits, 0 errors, 1 left on base; Savannah 5 - Nashua 3
BOTTOM OF THE 7TH
Nashua Redlegs batting - Pitching for Savannah Hogs : RHP Fernando Vázquez
Now at 2B: Juan Chávez
Now at SS: António Rodríguez
Batting: RHB Carlos Villagrama 0-0: Fly out, F7 (Flyball, 7)
Pitching: LHP Ronnie Beason
Batting: LHB Peter Rodgers 0-0: Ground out 3-1 (Groundball, 34)
Pitching: RHP Gabriel Quintero
Batting: RHB Ánibal Barrios 0-0: Called Strike
0-1: Ball
1-1: Ball
2-1: Called Strike
2-2: Ball
3-2: Foul Ball, location: 2F
3-2: Foul Ball, location: 2F
3-2: Strikes out swinging
Bottom of the 7th over - 0 runs, 0 hits, 0 errors, 0 left on base; Savannah 5 - Nashua 3
TOP OF THE 8TH
Savannah Hogs batting - Pitching for Nashua Redlegs : RHP Dante Piccoli
Batting: RHB Melvin Matthews 0-0: Ground out 1-3 (Groundball, 13)
Batting: RHB Juan Morales 0-0: Called Strike
0-1: Ball
1-1: Ball
2-1: Foul Ball, location: 2F
2-2: Ball
3-2: Foul Ball, location: 2F
3-2: Foul Ball, location: 2F
3-2: SINGLE (Groundball, 5D)
Batting: RHB Louis Miller 0-0: Ball
1-0: Called Strike
1-1: Ball
2-1: SINGLE (Groundball, 56D)
Juan Morales to second
Batting: RHB José Ramos 0-0: Swinging Strike
0-1: Ball
1-1: Ball
2-1: Called Strike
2-2: Ball
3-2: SINGLE (Line Drive, 4D)
Juan Morales to third
Louis Miller to second
Runner from 3rd tries for Home, SAFE, no throw
Batting: SHB Juan Chávez 0-0: Ball
1-0: Called Strike
1-1: Ball
2-1: SINGLE (Line Drive, 3L)
Louis Miller to third
José Ramos to second
Runner from 3rd tries for Home, SAFE, throw made home
Pitching: RHP Thomas Fournier
Batting: RHB Ramiro Villescaz 0-0: Called Strike
0-1: Foul Ball, location: 2F
0-2: Ball
1-2: Ball
2-2: Strikes out swinging
Batting: RHB António Rodríguez 0-0: Ball
1-0: Ground out 2-3 (Groundball, 15S)
Top of the 8th over - 2 runs, 4 hits, 0 errors, 2 left on base; Savannah 7 - Nashua 3
BOTTOM OF THE 8TH
Nashua Redlegs batting - Pitching for Savannah Hogs : RHP Gabriel Quintero
Batting: RHB Joe Noble 0-0: Ball
1-0: SINGLE (Line Drive, 6MD)
Batting: RHB Katsuhito Ohayashi 0-0: Foul Ball, location: 2F
0-1: Swinging Strike
0-2: Ball
1-2: Strikes out swinging
Batting: RHB Eleuterio Supardo 0-0: Ball
1-0: Called Strike
1-1: Called Strike
1-2: Foul Ball, location: 2F
1-2: Strikes out swinging
Batting: LHB Alonso Carbajal 0-0: Swinging Strike
0-1: Called Strike
0-2: Ball
1-2: Ball
2-2: SINGLE (Line Drive, 6)
Joe Noble to second
Pitching: LHP Gilberto Jáquez
Batting: RHB Currito Campos 0-0: Swinging Strike
0-1: SINGLE (Groundball, 56D)
Joe Noble to third
Alonso Carbajal to second
Runner from 3rd tries for Home, SAFE, no throw
Batting: RHB Ben Byrd 0-0: Called Strike
0-1: Ball
1-1: Ball
2-1: Fly out, F9 (Flyball, 89S)
Bottom of the 8th over - 1 run, 3 hits, 0 errors, 2 left on base; Savannah 7 - Nashua 4
TOP OF THE 9TH
Savannah Hogs batting - Pitching for Nashua Redlegs : RHP Thomas Fournier
Pitching: LHP John Rich
Batting: SHB Ramón Minas 0-0: Ball
1-0: Swinging Strike
1-1: Ball
2-1: Ball
3-1: Foul Ball, location: 2F
3-2: Ground out U3 (Groundball, 34)
Batting: RHB Gilberto Bautista 0-0: Called Strike
0-1: Ball
1-1: Called Strike
1-2: Strikes out swinging
Batting: RHB Melvin Matthews 0-0: Ball
1-0: Foul Ball, location: 2F
1-1: Swinging Strike
1-2: Ball
2-2: Ground out U3 (Groundball, 34)
Top of the 9th over - 0 runs, 0 hits, 0 errors, 0 left on base; Savannah 7 - Nashua 4
BOTTOM OF THE 9TH
Nashua Redlegs batting - Pitching for Savannah Hogs : LHP Gilberto Jáquez
Now at C: Wilson Ortíz
Batting: RHB Carlos Villagrama 0-0: SINGLE (Groundball, 4) (infield hit)
Batting: LHB Peter Rodgers 0-0: Ball
1-0: Fly out, F7 (Flyball, 7LMF)
Batting: RHB Ánibal Barrios 0-0: Called Strike
0-1: Fielders Choice at 2nd, 5-4 (Groundball, 56)
Batting: RHB Joe Noble 0-0: Ball
1-0: Ball
2-0: Ball
3-0: Base on Balls
Ánibal Barrios to second
Batting: RHB Katsuhito Ohayashi 0-0: Fielders Choice at 2nd, 5-4 (Groundball, 5)
Bottom of the 9th over - 0 runs, 1 hit, 0 errors, 2 left on base; Savannah 7 - Nashua 4
Saturday, April 7th, 2018 - OOTP Baseball 18.8 Build 76